Map: Triton LE

Players

Mortlock - Winner!

  • Race: Terran Terran
  • League: Silver
  • Spawn Location: 5:00

A.I. 1 (Hard)

  • Race: Terran Terran
  • Spawn Location: 11:00

VOD

Have the link to the VOD?

Description

Time

  • Played on: Dec. 28, 2019, 6:12 a.m.
  • Length: 9:04
Show
View Real Time Build Order
Export as new Build Order

Mortlock Terran - Winner!

Build Orders:  

Get SALT Encoding   

  12  0:01  SCV  
  13  0:13  SCV  
  14  0:22  Supply Depot  
  14  0:25  SCV  
  14  0:28  Refinery  
  15  0:43  SCV  
  15  0:46  Barracks  
  16  0:55  SCV  
  17  1:07  SCV  
  18  1:19  SCV  
  19  1:32  Orbital Command  
  19  1:35  Barracks Reactor  
  19  1:48  Command Center  
  19  1:59  SCV  
  20  2:01  Supply Depot  
  20  2:11  SCV  
  20  2:14  Factory  
  21  2:19  Marine x2  
  23  2:23  SCV  
  23  2:27  Refinery  
  24  2:33  Supply Depot  
  24  2:36  SCV  
  25  2:46  Marine x2  
  25  2:48  SCV  
  28  3:00  SCV  
  28  3:02  Supply Depot  
  28  3:05  Factory Tech Lab, Starport  
  30  3:12  SCV  
  30  3:16  Orbital Command  
  30  3:21  Marine x2  
  32  3:30  Supply Depot  
  32  3:33  Siege Tank  
  35  3:37  SCV  
  36  3:44  SCV  
  37  3:48  Starport Reactor  
  37  3:51  Supply Depot  
  37  3:58  SCV  
  37  4:00  Marine x2  
  40  4:03  SCV  
  40  4:08  Siege Tank  
  44  4:10  SCV  
  44  4:15  SCV  
  46  4:18  Marine x2  
  46  4:22  SCV  
  49  4:27  SCV, Medivac x2  
  54  4:33  Supply Depot  
  54  4:36  SCV  
  55  4:39  SCV  
  55  4:42  Marine x2  
  55  4:44  Siege Tank  
  61  4:48  SCV  
  61  4:51  Engineering Bay  
  62  4:56  Supply Depot, Refinery  
  62  4:58  Refinery  
  62  5:00  SCV  
  62  5:04  Marine x2  
  62  5:05  Medivac  
  67  5:16  Medivac  
  67  5:21  SCV  
  70  5:29  SCV  
  70  5:31  Marine  
  70  5:32  Marine  
  70  5:33  SCV  
  74  5:36  Supply Depot  
  74  5:41  SCV  
  75  5:43  Barracks  
  75  5:45  Missile Turret  
  75  5:46  Barracks  
  75  5:48  Missile Turret  
  75  5:52  Missile Turret  
  75  5:58  Missile Turret x2  
  75  5:59  Marine x2  
  75  6:00  Siege Tank, Missile Turret  
  75  6:01  Medivac  
  82  6:05  Medivac  
  82  6:09  Missile Turret  
  84  6:20  Marine x2  
  86  6:26  SCV  
  86  6:27  SCV  
  86  6:31  Medivac  
  90  6:33  Siege Tank  
  90  6:35  Medivac  
  90  6:38  Marine x2, SCV  
  94  7:07  Marine x2  
  87  7:22  Siege Tank, Medivac x2  
  92  7:24  Marine  
  92  7:25  Marine  
  92  7:29  Barracks Tech Lab  
  96  7:30  Barracks Tech Lab  
  96  7:42  Marine  
  96  7:43  Marine  
  98  7:52  Medivac x2  
Show
View Real Time Build Order
Export as new Build Order

A.I. 1 (Hard) Terran 

Build Orders:  

Get SALT Encoding   

  12  0:00  SCV  
  13  0:13  SCV  
  14  0:18  Supply Depot  
  14  0:25  SCV  
  15  0:40  SCV  
  16  0:42  Barracks  
  16  0:47  Refinery  
  16  0:52  SCV  
  17  1:04  SCV  
  18  1:16  SCV  
  19  1:21  Supply Depot  
  19  1:28  SCV  
  19  1:29  Marine  
  21  1:39  Barracks  
  21  1:42  Orbital Command  
  21  1:48  Refinery  
  21  1:49  Barracks Tech Lab  
  21  2:06  Supply Depot  
  21  2:07  Marine  
  22  2:25  Marine  
  22  2:27  Marine  
  24  2:39  Supply Depot  
  24  2:43  Marine  
  25  2:45  Marine  
  26  3:01  Marauder  
  26  3:03  Marine  
  29  3:12  Supply Depot  
  29  3:13  SCV  
  30  3:21  Marine  
  30  3:23  Marine  
  30  3:25  SCV  
  33  3:27  Engineering Bay  
  33  3:37  SCV  
  33  3:38  Marine  
  33  3:41  Marine  
  36  3:49  SCV  
  37  3:56  Marine  
  37  3:59  Marine  
  37  4:01  SCV  
  40  4:13  SCV  
  40  4:14  Marine  
  42  4:17  Marauder  
  44  4:39  Marauder  
  46  5:00  Marauder  
  48  6:07  Barracks Tech Lab  
  48  6:09  Marauder  
  48  6:10  Factory  
  50  6:13  Factory  
  50  6:15  Missile Turret  
  50  6:16  Command Center, Missile Turret  
  50  6:19  Ghost Academy  
  50  6:22  Barracks  
  50  6:24  Supply Depot  
  50  6:25  Concussive Shells  
  50  6:30  Marauder  
  52  6:35  Bunker  
  51  6:49  Ghost  
  51  6:53  Factory Tech Lab  
  50  6:55  Starport  
  50  6:56  SCV, Factory Tech Lab  
  50  6:59  Factory Tech Lab  
  50  7:00  Factory Tech Lab  
  40  7:08  SCV  
  16  7:18  Hellion  
  16  7:20  SCV  
  12  7:25  Marine  
  12  7:28  SCV  
  13  7:31  Supply Depot  
  13  7:32  Starport Tech Lab, SCV  
  13  7:40  SCV  
  14  7:52  SCV  
  8  8:04  SCV  
  6  8:16  SCV  
  6  8:17  Barracks  
Tags
 
League
Silver
Matchup
TvT
Race
Terran
Spawn Locations
Cross Positions
Add a new tag
Caveats
  • Supply blocks, unpowered buildings, or Contaminate may cause inaccurate times.
  • Supply counts are checked every 10 seconds.